 Dungeon Crawl Stone Soup version 0.29-a0-551-gffc1d7fb78 (webtiles) character file.

Game seed: 14627473418344747712

61932 croobank the Covert (level 15, 0/120 HPs)
             Began as a Gnoll Delver on June 4, 2022.
             Was an Initiate of Gozag.
             Slain by a fire giant
             ... wielding a +2 great sword of flaming
              (7 damage)
             ... on level 12 of the Dungeon on June 5, 2022.
             The game lasted 03:30:32 (27997 turns).

croobank the Covert (Gnoll Delver)                 Turns: 27997, Time: 03:30:32

Health: 0/120      AC: 25    Str: 16    XL:     15   Next: 4%
Magic:  37/37      EV: 16    Int: 22    God:    Gozag
Gold:   2266       SH:  0    Dex: 12    Spells: 14/33 levels left

rFire   + . .      SeeInvis .   A - +5 war axe
rCold   . . .      Faith    .   (no shield)
rNeg    . . .      Spirit   .   w - +6 chain mail {rF+}
rPois   .          Reflect  .   Q - +2 helmet
rElec   .          Harm     .   D - +2 cloak
rCorr   .          Rampage  .   (no gloves)
Will    ++...                   N - +0 pair of boots
Stlth   +++.......              W - amulet of regeneration
HPRegen 1.10/turn               v - ring of Buibeduuwn {Will+ MP+9}
MPRegen 0.25/turn               B - ring "Syinud" {EV+4 Str+5 Int+7 Dex-2}

@: about to teleport, gold aura, on berserk cooldown, slowed, very slow
A: fangs 1, strong nose, distributed training, mutation resistance 1, weak 1,
sturdy frame 1
a: Renounce Religion, Potion Petition, Call Merchant, Bribe Branch


You were on level 12 of the Dungeon.
You worshipped Gozag.
Gozag was most pleased with you.
You visited 4 branches of the dungeon, and saw 21 of its levels.

You collected 5523 gold pieces.
You spent 559 gold pieces at shops.
You paid 2698 gold pieces to Gozag.

Inventory:

Hand Weapons
 a - a +4 dagger of freezing
 k - the +1 hand axe "Tixuwoll" {elec, Contam Str+4 Int+10}
   (You found it on level 12 of the Dungeon)

   It occasionally discharges a powerful burst of electricity upon striking a
   foe.
   Str:       It affects your strength (+4).
   Int:       It affects your intelligence (+10).
   Contam:    It causes magical contamination when unequipped.
 s - a +4 scimitar of flaming
 z - a +1 vampiric short sword
 A - a +5 war axe (weapon)
 I - a +2 vorpal triple crossbow
 T - a +1 battleaxe
Missiles
 b - 4 silver javelins
 n - 6 boomerangs of dispersal
 R - a curare-tipped dart (quivered)
Armour
 t - a +0 ring mail of poison resistance
 w - a +6 chain mail of fire resistance (worn)
 D - a +2 cloak (worn)
 N - a +0 pair of boots (worn)
 Q - a +2 helmet (worn)
Jewellery
 i - a +6 ring of dexterity
 o - a ring of wizardry
 p - a ring of magical power
 q - an amulet of guardian spirit
 r - a ring of see invisible
 v - the ring of Buibeduuwn (left hand) {Will+ MP+9}
   (You bought it in a shop on level 3 of the Dungeon)

   [ring of willpower]

   MP:        It affects your magic capacity (+9).
   Will:      It increases your willpower.
 x - a ring of flight
 B - the ring "Syinud" (right hand) {EV+4 Str+5 Int+7 Dex-2}
   (You found it on level 3 of the Lair of Beasts)

   [ring of evasion]

   EV:        It affects your evasion (+4).
   Str:       It affects your strength (+5).
   Int:       It affects your intelligence (+7).
   Dex:       It affects your dexterity (-2).
 F - a +6 ring of dexterity
 J - a +6 ring of intelligence
 K - a +6 ring of strength
 O - a ring of ice
 S - an amulet of the acrobat
 V - a ring of fire
 W - an amulet of regeneration (around neck)
Wands
 e - a wand of polymorph (7)
 g - a wand of digging (6)
 l - a wand of paralysis (11)
 H - a wand of charming (2)
 P - a wand of iceblast (5)
 X - a wand of flame (4)
Scrolls
 c - 2 scrolls of fog
 y - a scroll of magic mapping
 E - a scroll of silence
 U - 9 scrolls of identify
Potions
 d - a potion of cancellation
 h - 3 potions of mutation
 m - 2 potions of magic
 u - 2 potions of brilliance
 C - 2 potions of attraction
 G - a potion of ambrosia
 L - 2 potions of curing
 M - a potion of berserk rage
 Z - 2 potions of lignification
Miscellaneous
 j - a condenser vane
 Y - a piece from Xom's chessboard (15/15)


   Skills:
 + Level 11.7 Fighting
 + Level 9.7 Short Blades
 + Level 9.7 Long Blades
 + Level 10.8 Axes
 + Level 9.7 Maces & Flails
 + Level 9.7 Polearms
 + Level 9.7 Staves
 + Level 9.7 Slings
 + Level 9.7 Bows
 + Level 9.7 Crossbows
 + Level 9.7 Throwing
 + Level 9.7 Armour
 + Level 10.8 Dodging
 + Level 13.4 Stealth
 + Level 9.7 Shields
 + Level 9.7 Unarmed Combat
 + Level 9.7 Spellcasting
 + Level 8.1 Conjurations
 + Level 8.1 Hexes
 + Level 8.1 Summonings
 + Level 8.1 Necromancy
 + Level 8.1 Translocations
 + Level 8.1 Transmutations
 + Level 8.1 Fire Magic
 + Level 8.1 Ice Magic
 + Level 8.1 Air Magic
 + Level 8.1 Earth Magic
 + Level 8.1 Poison Magic
 + Level 10.6 Invocations
 + Level 9.7 Evocations


You had 14 spell levels left.
You knew the following spells:

 Your Spells              Type           Power      Damage    Failure   Level
a - Ozocubu's Armour      Ice            46%        N/A       4%          3
b - Swiftness             Air            46%        N/A       4%          3
c - Foxfire               Conj/Fire      100%       2x1d9     1%          1
d - Ensorcelled Hibernat  Hex/Ice        92%        N/A       1%          2
e - Flame Wave            Conj/Fire      46%        2d10      13%         4
f - Passwall              Tmut/Erth      38%        N/A       1%          2
g - Animate Armour        Summ/Erth      92%        N/A       13%         4

Your spell library contained the following spells:

 Spells                   Type           Power      Damage    Failure   Level
 Necrotize                Necr           100%       1d9       1%          1
 Blink                    Tloc           92%        N/A       1%          2
 Conjure Flame            Conj/Fire      46%        6-21      4%          3
 Inner Flame              Hex/Fire       46%        N/A       4%          3
 Vampiric Draining        Necr           46%        2d9       4%          3
 Anguish                  Hex/Necr       23%        N/A       13%         4
 Agony                    Necr           46%        N/A       36%         5
 Blade Hands              Tmut           23%        N/A       36%         5
 Manifold Assault         Tloc           46%        N/A       36%         5
 Iron Shot                Conj/Erth      23%        9d5       90%         6
 Enfeeble                 Hex            23%        N/A       100%        7
 Malign Gateway           Summ/Tloc      23%        N/A       100%        7
 Ozocubu's Refrigeration  Ice            23%        4d9       100%        7
 Storm Form               Tmut/Air       23%        N/A       100%        7
 Summon Horrible Things   Summ           23%        N/A       100%        8


Dungeon Overview and Level Annotations

Branches:
Dungeon (12/15)            Temple (1/1) D:6            Lair (6/6) D:8
 Shoals (0/4) Lair:2       Spider (0/4) Lair:3        Slime (0/5) Lair:5
    Orc (2/2) D:9
    Elf: Orc:2

Altars:
Ashenzari
Cheibriados
Dithmenos
Elyvilon
Fedhas
Gozag
Hepliaklqana
Kikubaaqudgha
Makhleb
Nemelex Xobeh
Okawaru
Qazlal
Ru
Sif Muna
Trog
Uskayaw
Vehumet
Wu Jian
Xom
Yredelemnul
Zin
The Shining One
Beogh
Lugonu

Shops:
D:3 =   Orc:2 :

Portals:
Abyss: Lair:6

Annotations:
D:6 1 runed translucent door, DocClef's ghost, novice GnDe


Innate Abilities, Weirdness & Mutations

You have very sharp teeth.
Your uncanny sense of smell can sniff out nearby items.
Your experience applies equally to all skills.
You are somewhat resistant to further mutation.
You are weak. (Str -2)
Your movements are slightly less encumbered by armour. (ER -2)


Message History

The centaur is engulfed in blazing flames.
The fire giant is engulfed in blazing flames.
The fire giant hits you but does no damage.
The centaur is engulfed in a forest fire.
The centaur hits you but does no damage.
The centaur kicks you but does no damage.
The fire giant is engulfed in blazing flames.
The fire giant casts a spell at you. The bolt of fire hits you! You resist.
The tree burns like a torch!
The centaur is engulfed in a forest fire.
The centaur dies!
You slash the fire giant!
The fire giant is heavily wounded.
You are engulfed in blazing flames.
You resist.
The fire giant is engulfed in blazing flames.
The fire giant casts a spell at you. The bolt of fire hits you! You resist.
You hit the fire giant but do no damage.
The fire giant is heavily wounded.
You are engulfed in blazing flames.
You resist.
The fire giant is engulfed in blazing flames.
The fire giant barely misses you.
The fire giant is engulfed in blazing flames.
The fire giant barely misses you.
You slash the fire giant!
You bite the fire giant, but do no damage.
The fire giant is heavily wounded.
You are engulfed in blazing flames.
You resist.
The fire giant is engulfed in blazing flames.
The fire giant misses you.
As you read the scroll of teleportation, it crumbles to dust.
You feel strangely unstable.
You are engulfed in blazing flames.
You resist.
The fire giant is engulfed in blazing flames.
The fire giant closely misses you.
The fire giant is engulfed in blazing flames.
The fire giant hits you with a +2 great sword of flaming!!
* * * LOW HITPOINT WARNING * * *
The fire giant burns you!
You die...
Your body crumbles into a pile of gold.

♣...♣...♣♣ ♣.♣.........♣.♣ ###.
♣♣.♣♣#### ♣.♣.♣♣♣♣♣♣♣.♣.♣ #####
........♣♣ ♣.♣.♣ ♣.♣.♣ ♣♣.♣♣♣
########.♣#♣.♣.♣ ♣.♣.♣#♣.♣.♣#
......('..#..♣.♣ ♣.♣....♣♣♣..
########.♣#♣.♣.♣ ♣(♣♣♣#♣.♣.♣#
..).....♣♣ ♣.♣§♣ ∆∆ ♣.♣ ♣♣.♣♣♣
♣♣.♣♣#### #♣§§§§####.♣.♣ ### ♣
...)...♣♣♣#§§§§§@C§..♣.♣ ♣♣♣♣
.....♣♣..♣#♣§♣§§§§♣♣♣♣.♣ ♣.♣.♣.
..≈...♣♣♣.#♣...§§§§....♣ .....
.....♣♣..♣#♣♣♣♣♣♣♣.♣♣♣♣♣ .♣.♣.
......)♣♣♣ ### ♣♣♣♣ ##.#####
#######>####### # .....♣♣
#♣[.......♣♣..)♣# ♣♣♣♣♣
..P...♣♣♣♣#)♣.........♣♣♣.#♣♣..♣.
.P≈......)..♣.).......♣ ♣...≈≈.♣.


You could see a fire giant.

Vanquished Creatures
  A sphinx (D:12)
  3 boulder beetles
  5 hydras
  Erica (D:8)
  A catoblepas (Lair:4)
  2 two-headed ogres (D:12)
  5 death yaks
  2 thrashing horrors (Lair:6)
  Nergalle (D:10)
  A skeletal warrior (D:12)
  A sea snake (shapeshifter) (Lair:6)
  Pikel (D:6)
  A deep elf pyromancer (D:12)
  4 cyclopes (D:12)
  5 ugly things
  3 manticores (D:12)
  Maurice (D:8)
  7 elephants
  A black mamba (Lair:5)
  11 cane toads
  4 gargoyles
  A freezing wraith (D:12)
  3 unseen horrors (D:12)
  7 rime drakes
  12 komodo dragons
  An efreet (D:12)
  A kobold demonologist (D:12)
  An ancient zyme (Lair:6)
  6 trolls
  2 polar bears
  A hornet (D:6)
  2 jumping spiders (Lair:3)
  3 slime creatures (D:12)
  35 blink frogs
  2 wraiths
  2 shadows (D:12)
  A spriggan (Lair:6)
  4 vampires
  4 ynoxinuls (Lair:6)
  5 wyverns
  38 yaks
  7 basilisks
  A redback (Lair:3)
  3 chaos spawn (Lair:6)
  7 vampire mosquitoes
  Duvessa (D:4)
  3 acid dragons
  9 water moccasins
  An ice beast (D:7)
  6 orc warriors
  2 black bears
  4 ogres
  4 sky beasts
  20 wolves
  4 centaurs
  A lemure (D:6)
  A phantom (D:6)
  A kobold brigand (D:9)
  13 bullfrogs
  A necrophage (D:5)
  A gnoll sergeant (D:12)
  2 scorpions (D:7)
  Dowan (D:4)
  7 wights
  13 small abominations (Lair:6)
  An electric eel (D:12)
  9 howler monkeys
  2 hounds
  2 jellies (D:6)
  11 orc priests
  A gnoll shaman (D:10)
  2 iguanas (D:5)
  16 orc wizards
  Robin (D:4)
  12 gnolls
  5 adders
  A white imp (D:6)
  2 dart slugs
  44 orcs
  5 ball pythons
  8 endoplasms
  7 giant cockroaches
  9 goblins
  7 hobgoblins
  6 jackals (D:2)
  4 quokkas
  5 bats
  4 frilled lizards
  7 kobolds
  3 rats
479 creatures vanquished.

Vanquished Creatures (collateral kills)
  A blink frog (Lair:3)
  A water moccasin (Lair:3)
  4 foxfires (Lair:4)
6 creatures vanquished.

Vanquished Creatures (others)
  A two-headed ogre (D:12)
  A deep elf pyromancer (D:12)
  A cane toad (Lair:6)
  An unseen horror (D:12)
  A centaur (D:12)
  9 bushes (Lair:2)
  169 foxfires
  58 fungi
  125 plants
366 creatures vanquished.

Grand Total: 851 creatures vanquished

Notes
Turn   | Place    | Note
-------+----------+-------------------------------------------
     0 | D:5      | Reached skill level 9 in Stealth
     0 | D:5      | croobank the Gnoll Delver began the quest for the Orb.
     0 | D:5      | Reached XP level 1. HP: 23/23 MP: 1/1
   137 | D:3      | Found Dion's Jewellery Shop.
   243 | D:2      | Reached XP level 2. HP: 27/29 MP: 2/2
   612 | D:2      | Reached XP level 3. HP: 35/35 MP: 3/3
   985 | D:1      | Reached skill level 1 in Invocations
  1560 | D:1      | Reached skill level 1 in Short Blades
  1560 | D:1      | Reached skill level 1 in Long Blades
  1560 | D:1      | Reached skill level 1 in Maces & Flails
  1560 | D:1      | Reached skill level 1 in Polearms
  1560 | D:1      | Reached skill level 1 in Staves
  1560 | D:1      | Reached skill level 1 in Slings
  1560 | D:1      | Reached skill level 1 in Bows
  1560 | D:1      | Reached skill level 1 in Crossbows
  1560 | D:1      | Reached skill level 1 in Throwing
  1560 | D:1      | Reached skill level 1 in Armour
  1560 | D:1      | Reached skill level 1 in Shields
  1560 | D:1      | Reached skill level 1 in Unarmed Combat
  1560 | D:1      | Reached skill level 1 in Spellcasting
  1560 | D:1      | Reached skill level 1 in Evocations
  1808 | D:2      | Reached XP level 4. HP: 33/41 MP: 5/5
  2142 | D:3      | Reached skill level 1 in Conjurations
  2142 | D:3      | Reached skill level 1 in Hexes
  2142 | D:3      | Reached skill level 1 in Summonings
  2142 | D:3      | Reached skill level 1 in Necromancy
  2142 | D:3      | Reached skill level 1 in Translocations
  2142 | D:3      | Reached skill level 1 in Transmutations
  2142 | D:3      | Reached skill level 1 in Fire Magic
  2142 | D:3      | Reached skill level 1 in Ice Magic
  2142 | D:3      | Reached skill level 1 in Air Magic
  2142 | D:3      | Reached skill level 1 in Earth Magic
  2142 | D:3      | Reached skill level 1 in Poison Magic
  2531 | D:3      | Reached XP level 5. HP: 44/47 MP: 5/7
  2634 | D:3      | Found a stormy altar of Qazlal.
  3133 | D:4      | Noticed Robin
  3149 | D:4      | Killed Robin
  3294 | D:4      | Noticed Duvessa
  3306 | D:4      | Killed Duvessa
  3307 | D:4      | Reached skill level 5 in Axes
  3307 | D:4      | Reached skill level 5 in Dodging
  3307 | D:4      | Reached XP level 6. HP: 20/53 MP: 3/8
  3537 | D:4      | Noticed Dowan
  3582 | D:4      | HP: 1/53 [Dowan/shard of ice (13)]
  3925 | D:4      | Killed Dowan
  4650 | D:5      | Reached XP level 7. HP: 58/60 MP: 10/10
  5603 | D:5      | Reached skill level 10 in Stealth
  5662 | D:5      | Found a sacrificial altar of Ru.
  5865 | D:6      | Found a staircase to the Ecumenical Temple.
  5886 | D:6      | Reached XP level 8. HP: 67/67 MP: 12/12
  5887 | Temple   | Entered the Ecumenical Temple
  5940 | Temple   | Became a worshipper of Gozag Ym Sagoz the Greedy
  5974 | D:6      | Noticed Pikel
  6298 | D:6      | Noticed a hornet
  6989 | D:7      | Noticed a troll
  6996 | D:7      | Killed a troll
  7008 | D:7      | Noticed a vampire
  7015 | D:7      | Killed a vampire
  7016 | D:7      | Reached XP level 9. HP: 73/73 MP: 14/14
  7131 | D:7      | Noticed a troll
  7149 | D:7      | Learned a level 3 spell: Ozocubu's Armour
  7153 | D:7      | Learned a level 3 spell: Swiftness
  7155 | D:7      | Learned a level 1 spell: Foxfire
  7158 | D:7      | Learned a level 2 spell: Ensorcelled Hibernation
  7163 | D:7      | Learned a level 4 spell: Flame Wave
  7169 | D:7      | Learned a level 2 spell: Passwall
  7178 | D:7      | Killed a troll
  7810 | D:7      | Found a shimmering blue altar of Sif Muna.
  8331 | D:8      | Found a staircase to the Lair.
  8331 | D:8      | Noticed a death yak
  8349 | D:8      | Reached skill level 5 in Invocations
  8496 | D:8      | Found a broken altar of Ashenzari.
  8724 | D:8      | Noticed a gargoyle
  8738 | D:8      | Killed a gargoyle
  8739 | D:8      | Reached XP level 10. HP: 34/80 MP: 1/17
  9250 | D:8      | Noticed Maurice
  9286 | D:8      | Killed Maurice
  9287 | D:8      | Reached skill level 5 in Short Blades
  9287 | D:8      | Reached skill level 5 in Long Blades
  9287 | D:8      | Reached skill level 5 in Maces & Flails
  9287 | D:8      | Reached skill level 5 in Polearms
  9287 | D:8      | Reached skill level 5 in Staves
  9287 | D:8      | Reached skill level 5 in Slings
  9287 | D:8      | Reached skill level 5 in Bows
  9287 | D:8      | Reached skill level 5 in Crossbows
  9287 | D:8      | Reached skill level 5 in Throwing
  9287 | D:8      | Reached skill level 5 in Armour
  9287 | D:8      | Reached skill level 5 in Shields
  9287 | D:8      | Reached skill level 5 in Unarmed Combat
  9287 | D:8      | Reached skill level 5 in Spellcasting
  9287 | D:8      | Reached skill level 5 in Evocations
  9904 | D:6      | Killed Pikel
  9905 | D:6      | Reached skill level 11 in Stealth
 10116 | D:6      | Found a runed translucent door.
 10116 | D:6      | Found a shimmering altar of Xom.
 10116 | D:6      | Noticed DocClef's ghost (novice GnDe)
 10118 | D:6      | Noticed a +1 whip of chaos
 10213 | D:6      | Found a hide-covered altar of Uskayaw.
 10410 | D:7      | Killed a death yak
 10684 | D:8      | Noticed Erica
 10701 | D:8      | Killed Erica
 10702 | D:8      | Reached XP level 11. HP: 49/87 MP: 11/19
 11295 | D:9      | Found a radiant altar of Vehumet.
 11606 | D:9      | Found a basalt altar of Yredelemnul.
 11731 | D:9      | Found a staircase to the Orcish Mines.
 12200 | D:10     | Entered Level 10 of the Dungeon
 12258 | Orc:1    | Entered Level 1 of the Orcish Mines
 12317 | Orc:1    | Reached skill level 5 in Conjurations
 12317 | Orc:1    | Reached skill level 5 in Hexes
 12317 | Orc:1    | Reached skill level 5 in Summonings
 12317 | Orc:1    | Reached skill level 5 in Necromancy
 12317 | Orc:1    | Reached skill level 5 in Translocations
 12317 | Orc:1    | Reached skill level 5 in Transmutations
 12317 | Orc:1    | Reached skill level 5 in Fire Magic
 12317 | Orc:1    | Reached skill level 5 in Ice Magic
 12317 | Orc:1    | Reached skill level 5 in Air Magic
 12317 | Orc:1    | Reached skill level 5 in Earth Magic
 12317 | Orc:1    | Reached skill level 5 in Poison Magic
 13018 | Orc:2    | Entered Level 2 of the Orcish Mines
 13330 | Orc:2    | Noticed an orc warlord
 13361 | Orc:2    | Noticed an orc knight
 13361 | Orc:2    | Noticed an orc sorcerer
 13362 | Orc:2    | Noticed an orc high priest
 13435 | Orc:2    | Noticed an orc high priest
 13435 | Orc:2    | Noticed an orc sorcerer
 13435 | Orc:2    | Found Xoest's Book Emporium.
 13436 | Orc:2    | Noticed an orc knight
 13496 | Lair:1   | Entered Level 1 of the Lair of Beasts
 15633 | Lair:2   | Noticed a six-headed hydra
 15654 | Lair:2   | Killed a two-headed hydra
 15724 | Lair:2   | Reached XP level 12. HP: 45/96 MP: 14/22
 16417 | Lair:2   | Found a staircase to the Shoals.
 16910 | D:3      | Bought the ring of Buibeduuwn {Will+ MP+9} for 559 gold
                  | pieces
 17061 | Lair:2   | Learned a level 4 spell: Animate Armour
 17279 | Lair:3   | HP: 3/97 [komodo dragon (8)]
 17652 | Lair:2   | Gained mutation: Your movements are slightly less
                  | encumbered by armour. (ER -2) [potion of mutation]
 17652 | Lair:2   | Gained mutation: You are somewhat resistant to further
                  | mutation. [potion of mutation]
 17656 | Lair:3   | Found a hole to the Spider Nest.
 18107 | Lair:3   | Reached skill level 12 in Stealth
 18440 | Lair:3   | Reached skill level 10 in Fighting
 18774 | Lair:3   | Noticed a catoblepas
 19016 | Lair:4   | Killed a catoblepas
 19072 | Lair:4   | Noticed a five-headed hydra
 19615 | Lair:4   | Killed a one-headed hydra
 19714 | Lair:4   | Reached XP level 13. HP: 103/103 MP: 24/24
 20826 | Lair:5   | Found a staircase to the Slime Pits.
 20923 | Lair:5   | Found an ornate altar of the Wu Jian Council.
 20979 | Lair:6   | Entered Level 6 of the Lair of Beasts
 23116 | Lair:6   | Reached skill level 10 in Axes
 23116 | Lair:6   | Reached skill level 10 in Dodging
 23116 | Lair:6   | Reached XP level 14. HP: 77/113 MP: 18/26
 24044 | Lair:6   | Upgraded the game from 0.29-a0-542-g075992c915 to
                  | 0.29-a0-551-gffc1d7fb78
 24242 | Lair:6   | Reached skill level 13 in Stealth
 24351 | Lair:6   | Found a corrupted altar of Lugonu.
 24351 | Lair:6   | Found a one-way gate to the infinite horrors of the Abyss.
 24759 | Lair:3   | Identified the ring "Syinud" {EV+4 Str+5 Int+7 Dex-2}
 24962 | D:10     | Found an iron altar of Okawaru.
 24973 | D:9      | Reached skill level 10 in Invocations
 25441 | D:10     | Noticed Nergalle
 25449 | D:10     | Killed Nergalle
 26996 | D:12     | Identified the +1 hand axe "Tixuwoll" {elec, Contam Str+4
                  | Int+10}
 27185 | D:12     | Noticed a sphinx
 27213 | D:12     | Killed a sphinx
 27462 | D:12     | Gained mutation: You are weak. (Str -2) [mutagenic glow]
 27726 | D:12     | Reached XP level 15. HP: 116/120 MP: 28/28
 27977 | D:12     | Noticed a fire giant
 27997 | D:12     | Slain by a fire giant

Illustrated notes

Levels and vault maps discovered:
D:1:      dpeg_arrival_chambers_temple_mockup, layout_basic, minmay_tetromino_l2
D:2:      layout_loops_cross
D:3:      layout_basic, lemuel_doored_altar, serial_shops, nicolae_square_shop,
          kennysheep_generic_room_15
D:4:      layout_loops_cross, small_statue_intersection,
          dreamdust_mushroom_princess, uniq_robin, uniq_duvessa
D:5:      layout_basic, mainiacjoe_overflow_alcove_1
D:6:      layout_basic, nicolae_uskayaw_suspiria, minmay_temple_entry_trees,
          ebering_ghost_xom, uniq_pikel
D:7:      layout_basic, lemuel_crystal_altar,
          nicolae_concentric_dashed_squares_wild, dk_noncrumbling_2, kb_rosetta
D:8:      layout_loops_corners, mainiacjoe_overflow_tiny_flanked,
          david_lair_generic, uniq_erica, uniq_maurice
D:9:      layout_loops_corners, amcnicky_altar_gilded, general_overflow_altar,
          orc_0_dummy
D:10:     layout_irregular_city, mainiacjoe_overflow_chevrons, uniq_nergalle
D:11:     minmay_clustersquares, layout_basic, uniq_psyche
D:12:     nzn_winding_woodlands_huge [nzn_winding_woodlands_5x15_cabin,
          nzn_winding_woodlands_5x15_river_crossing,
          nzn_winding_woodlands_5x15_parted, nzn_winding_woodlands_5x15_twine,
          nzn_winding_woodlands_5x15_longhouse, nzn_winding_woodlands_5x15_eye,
          nzn_winding_woodlands_5x15_garden, nzn_winding_woodlands_5x15_zeroes,
          nzn_winding_woodlands_5x15_pathside_ponds,
          nzn_winding_woodlands_5x15_pool,
          nzn_winding_woodlands_center_diamonds,
          nzn_winding_woodlands_center_garden,
          nzn_winding_woodlands_15x15_boxy_spiral], layout_irregular_city
Temple:   zaba_magenta_temple
Lair:1:   layout_cellular_growth, grunt_megastairs_4, infiniplex_staircase_pool
Lair:2:   layout_loops_ring, elwin_shoals_entry_rocks, serial_forest,
          infiniplex_forest_end_1, infiniplex_forest_clump_curved,
          infiniplex_forest_clump_diagonal, infiniplex_forest_end_double,
          infiniplex_forest_lined_2
Lair:3:   layout_regular_city, spider_nest_entry_a
Lair:4:   layout_concentric_octagons, grunt_megastairs_2, lemuel_fruit_tree
Lair:5:   layout_cave_pods, slime_dummy, basic_altar, lemuel_fruit_fields
Lair:6:   hellmonk_lair_end_abyssal_woods, layout_small_grid
Orc:1:    layout_caves, basic_altar, hellmonk_bongcloud_opening
Orc:2:    grunt_orc_gardens, layout_caves, grunt_orc_garden, grunt_orc_garden,
          grunt_orc_garden, grunt_orc_garden, serial_shops, shop, mines2_david

Skill      XL: |  1  2  3  4  5  6  7  8  9 10 11 12 13 14 |
---------------+-------------------------------------------+-----
Stealth        | 10 11 12 13 | 13.4
Invocations    | 1 2 3 4 5 6 7 8 9 10 | 10.6
Short Blades   | 1 2 3 4 5 6 7 8 9 |  9.7
Long Blades    | 1 2 3 4 5 6 7 8 9 |  9.7
Maces & Flails | 1 2 3 4 5 6 7 8 9 |  9.7
Polearms       | 1 2 3 4 5 6 7 8 9 |  9.7
Staves         | 1 2 3 4 5 6 7 8 9 |  9.7
Slings         | 1 2 3 4 5 6 7 8 9 |  9.7
Bows           | 1 2 3 4 5 6 7 8 9 |  9.7
Crossbows      | 1 2 3 4 5 6 7 8 9 |  9.7
Throwing       | 1 2 3 4 5 6 7 8 9 |  9.7
Armour         | 1 2 3 4 5 6 7 8 9 |  9.7
Shields        | 1 2 3 4 5 6 7 8 9 |  9.7
Unarmed Combat | 1 2 3 4 5 6 7 8 9 |  9.7
Spellcasting   | 1 2 3 4 5 6 7 8 9 |  9.7
Evocations     | 1 2 3 4 5 6 7 8 9 |  9.7
Conjurations   | 1 2 3 4 5 6 7 8 |  8.1
Hexes          | 1 2 3 4 5 6 7 8 |  8.1
Summonings     | 1 2 3 4 5 6 7 8 |  8.1
Necromancy     | 1 2 3 4 5 6 7 8 |  8.1
Translocations | 1 2 3 4 5 6 7 8 |  8.1
Transmutations | 1 2 3 4 5 6 7 8 |  8.1
Fire Magic     | 1 2 3 4 5 6 7 8 |  8.1
Ice Magic      | 1 2 3 4 5 6 7 8 |  8.1
Air Magic      | 1 2 3 4 5 6 7 8 |  8.1
Earth Magic    | 1 2 3 4 5 6 7 8 |  8.1
Poison Magic   | 1 2 3 4 5 6 7 8 |  8.1
Axes           | 5 6 7 8 9 10 | 10.8
Dodging        | 5 6 7 8 9 10 | 10.8
Fighting       | 7 8 9 10 11 | 11.7

Action                   |  1- 3 |  4- 6 |  7- 9 | 10-12 | 13-15 || total
-------------------------+-------+-------+-------+-------+-------++-------
Melee: Hand axe          |   125 |     4 |       |       |    59 ||   188
       Bite              |    18 |    15 |    33 |   125 |   129 ||   320
       Punch             |     1 |       |     6 |    28 |    24 ||    59
       Quarterstaff      |       |   130 |    13 |       |       ||   143
       Unarmed           |       |    24 |       |       |       ||    24
       War axe           |       |       |   229 |   753 |   338 ||  1320
       Scimitar          |       |       |       |    35 |    31 ||    66
       Battleaxe         |       |       |       |       |   492 ||   492
       Dagger            |       |       |       |       |     3 ||     3
 Fire: Hunting sling     |       |       |     1 |       |       ||     1
Throw: Dart              |       |       |     4 |     1 |       ||     5
       Throwing net      |       |       |       |       |     2 ||     2
 Cast: Ozocubu's Armour  |       |       |     6 |     6 |     2 ||    14
       Foxfire           |       |       |     4 |    37 |    63 ||   104
       Ensorcelled Hiber |       |       |     4 |     7 |    18 ||    29
       Swiftness         |       |       |     4 |     2 |     6 ||    12
       Flame Wave        |       |       |     3 |     3 |    11 ||    17
       Animate Armour    |       |       |       |     2 |     1 ||     3
Invok: Potion Petition   |       |       |     1 |     3 |     4 ||     8
Evoke: Wand              |       |       |     6 |    10 |     9 ||    25
       Piece from Xom's  |       |       |       |       |     4 ||     4
       Condenser vane    |       |       |       |       |     1 ||     1
  Use: Scroll            |     6 |     5 |     2 |    20 |    17 ||    50
       Potion            |       |     7 |     5 |    10 |     3 ||    25
 Stab: Sleeping          |    14 |     5 |     9 |     6 |    16 ||    50
       Distracted        |       |       |       |     8 |    13 ||    21
       Paralysed         |       |       |       |     3 |     4 ||     7
       Held in net/web   |       |       |       |       |     2 ||     2
       Invisible         |       |       |       |       |     3 ||     3
       Confused          |       |       |       |       |     1 ||     1
Armor: Leather armour    |     5 |       |    20 |    55 |       ||    80
       Scale mail        |    27 |    44 |       |       |       ||    71
       Chain mail        |       |    21 |   105 |   362 |   595 ||  1083
Dodge: Dodged            |    80 |    89 |   126 |   412 |   736 ||  1443

Table legend: (Time is in decaauts)
 A = Elapsed time spent in this place.
 B = Non-inter-level travel time spent in this place.
 C = Inter-level travel time spent in this place.
 D = Time resting spent in this place.
 E = Time spent auto-exploring this place.
 F = Levels seen in this place.
 G = Mean time per level.
                   A        B        C        D        E       F      G
               +--------+--------+--------+--------+--------+-----+--------+
         Total |  28135 |  26933 |   1202 |   4855 |  15591 |  21 | 1339.8 |
       Dungeon |  15553 |  14848 |    705 |   2140 |   9291 |  12 | 1296.1 |
        Temple |     78 |     58 |     20 |      0 |     46 |   1 |   78.0 |
          Lair |  11293 |  10900 |    393 |   2499 |   5771 |   6 | 1882.2 |
  Orcish Mines |   1209 |   1127 |     82 |    215 |    483 |   2 |  604.5 |
               +--------+--------+--------+--------+--------+-----+--------+

Top non-repeatable levels by time:
  Lair:6: 2779 daAuts
     D:8: 2475 daAuts
  Lair:2: 2438 daAuts
     D:7: 2263 daAuts
    D:12: 2122 daAuts
  Lair:3: 2007 daAuts
  Lair:5: 1569 daAuts
  Lair:1: 1411 daAuts
     D:3: 1394 daAuts
     D:4: 1288 daAuts
     D:5: 1198 daAuts
  Lair:4: 1087 daAuts
   Orc:1: 1084 daAuts
     D:9: 1044 daAuts
     D:2: 974 daAuts
